 Seeded DCSS version 0.30.1-4-g462c640d31 (webtiles) character file.

Game seed: 15660985446129201502 (custom seed)

10 AccursedSamuel the Poker (level 2, 14/19 HPs)
             Began as a Tengu Monk on Sept 13, 2023.
             Quit the game on level 1 of the Dungeon.
             The game lasted 00:00:39 (141 turns).

AccursedSamuel the Poker (Tengu Monk)                Turns: 141, Time: 00:00:40

Health: 14/19      AC:  2    Str: 11    XL:     2   Next: 20%
Magic:  3/3        EV: 13    Int: 10    God:
Gold:   33         SH:  0    Dex: 16    Spells: 1/1 levels left

rFire   . . .        a - +0 spear
rCold   . . .        d - orb {light}
rNeg    . . .        b - +0 robe
rPois   .            (helmet restricted)
rElec   .            (no cloak)
rCorr   .            (no gloves)
SInv    .            (boots unavailable)
Will    .....        (no amulet)
Stlth   +            (no ring)
HPRegen 0.23/turn    (no ring)
MPRegen 0.08/turn

%: no passive effects
@: glowing
A: beak, talons 3
a: no special abilities


You were on level 1 of the Dungeon.
You visited 1 branch of the dungeon, and saw 1 of its levels.

You collected 33 gold pieces.

Inventory:

Hand Weapons
 a - a +0 spear (weapon)
Armour
 b - a +0 robe (worn)
 d - an orb of light (worn)
Scrolls
 e - a scroll of acquirement
Potions
 c - a potion of ambrosia


   Skills:
 + Level 3.2 Fighting
 + Level 3.5 Polearms
 + Level 3.5 Dodging


You had one spell level left.
You didn't know any spells.
Your spell library was empty.

Dungeon Overview and Level Annotations

Branches:
Dungeon (1/15)

Altars:


Innate Abilities, Weirdness & Mutations

You have a beak for a mouth.
You have claws for feet.


Message History

The bat closely misses you.
Found 18 gold pieces.
The bat hits you but does no damage. The bat hits you but does no damage.
The bat completely misses you. The bat attacks as you move away!
The bat hits you but does no damage.
A goblin comes into view. It is wielding a +0 dagger.
The goblin shouts!
The bat hits you. The bat barely misses you.
The bat hits you but does no damage.
Found a scroll labelled YBOGRIHULO.
The bat hits you but does no damage.
A goblin comes into view. It is wielding a +0 dagger.
The bat attacks as you move away! The bat hits you but does no damage.
The bat closely misses you.
You see here 18 gold pieces.
The goblin shouts!
The bat hits you but does no damage. The bat barely misses you.
You hit the bat.
You kill the bat!
The goblin hits you with a +0 dagger. The goblin closely misses you.
The goblin attacks as you move away! The goblin hits you with a +0 dagger.
The goblin attacks as you move away! The goblin misses you.
The goblin attacks as you move away! The goblin hits you with a +0 dagger.
The goblin attacks as you move away! The goblin misses you.
The goblin attacks as you move away! The goblin hits you with a +0 dagger.
The goblin attacks as you move away! The goblin hits you with a +0 dagger.
The goblin attacks as you move away! The goblin barely misses you.
You hit the goblin. You peck the goblin.
You kill the goblin!
You completely miss the goblin. Your kick misses the goblin.
You peck the goblin.
You kill the goblin!
Items here: )) ††.
You now have 33 gold pieces (gained 18).
e - a scroll labelled YBOGRIHULO
There are no items here.
This is a scroll of acquirement!
Unknown command.
Are you sure you want to abandon this character and quit the game? (Confirm with "yes".)

#.# ##......# #.#
##.......##
#.###.........# ###
#.)...........######
#<##
#.###.....)........#
##.## #.#
##.......#.....###
#..## #.#
##.....##.......#
##..## #.#
##...###.....#.#
#...## ##.# ##.##
#.@...# # ##...##
...# #.# #######
#....## .### #.#
##....# .# #..... .#
##.... .# #.# #....
.# ... ##... .# #.#
#... .# #.# ###.


There were no monsters in sight!

Vanquished Creatures
  2 goblins (D:1)
  A hobgoblin (D:1)
  A kobold (D:1)
  A quokka (D:1)
  A ball python (D:1)
  A bat (D:1)
  3 rats (D:1)
10 creatures vanquished.

Notes
Turn   | Place    | Note
-------+----------+-------------------------------------------
     0 | D:1      | AccursedSamuel the Tengu Monk began the quest for the Orb.
     0 | D:1      | Reached XP level 1. HP: 14/14 MP: 2/2
    70 | D:1      | Reached XP level 2. HP: 19/19 MP: 3/3
   141 | D:1      | Identified a scroll of acquirement
   141 | D:1      | Quit the game

Illustrated notes

Levels and vault maps discovered:
D:1:      minmay_arrival_pointy, layout_loops_ring, minmay_gold_behind_fungi

Action                     || total
---------------------------++-------
  Melee: Spear             ||    15
         Kick              ||     3
         Peck              ||     4
 Armour: Robe              ||     9
  Dodge: Dodged            ||    20
